 Dungeon Crawl Stone Soup version 0.31-a0-1204-ge2c1a860ed (webtiles) character file.

Game seed: 10431860445034576950

697 Lobster4 the Shooter (level 7, -1/61 HPs)
             Began as a Minotaur Hunter on Dec 12, 2023.
             Slain by Maggie
             ... wielding a +0 scimitar
              (9 damage)
             ... on level 6 of the Dungeon.
             The game lasted 00:09:15 (3968 turns).

Lobster4 the Shooter (Minotaur Hunter)              Turns: 3968, Time: 00:09:16

Health: -1/61      AC: 12    Str: 15    XL:     7   Next: 38%
Magic:  6/15       EV: 11    Int:  6    God:
Gold:   134        SH:  0    Dex: 16    Spells: 6/6 levels left

rFire   . . .        a - +2 shortbow
rCold   . . .        (shield currently unavailable)
rNeg    . . .        m - +2 ring mail of the Swan {Harm +Blink MP+9}
rPois   .            n - +2 hat
rElec   .            d - +0 cloak
rCorr   .            j - +0 pair of gloves
SInv    .            c - +0 pair of boots
Will    .....        (no amulet)
Stlth   +            (no ring)
HPRegen 0.30/turn    (no ring)
MPRegen 0.14/turn

%: harm (+30% outgoing, +20% incoming)
@: mesmerised
A: horns 2, retaliatory headbutt
a: Evoke Blink


You were on level 6 of the Dungeon.
You visited 1 branch of the dungeon, and saw 6 of its levels.
You also visited: Sewer.

You collected 134 gold pieces.

Inventory:

Hand Weapons
 a - a +2 shortbow (weapon)
 b - a +2 dagger of holy wrath
 o - a +0 sling
 r - a +0 short sword of holy wrath
 v - a +1 dagger of draining
Missiles
 t - a curare-tipped dart
 w - 17 poisoned darts
Armour
 c - a +0 pair of boots (worn)
 d - a +0 cloak (worn)
 j - a +0 pair of gloves (worn)
 l - a +0 ring mail
 m - the +2 ring mail of the Swan (worn) {Harm +Blink MP+9}
   (You found it on level 2 of the Dungeon)

   MP+9:      It affects your magic capacity (+9).
   +Blink:    It lets you blink.
   Harm:      It increases damage dealt and taken.
 n - a +2 hat (worn)
Magical Staves
 i - a staff of poison
 k - a staff of fire
Scrolls
 e - 3 scrolls of teleportation
 u - a scroll of summoning {unknown}
Potions
 g - 2 potions of curing {unknown}
 h - 2 potions of enlightenment {unknown}
 p - 4 potions of haste {unknown}
 q - 4 potions of mutation
 s - a potion of might {unknown}


   Skills:
 + Level 5.6 Fighting
 * Level 7.9 Ranged Weapons
 - Level 2.1 Dodging
 - Level 0.7 Stealth
 - Level 3.0 Evocations


You had 6 spell levels left.
You didn't know any spells.
Your spell library contained the following spells:

 Spells                   Type           Power      Damage    Failure   Level
 Poisonous Vapours        Pois/Air       0%         N/A       83%         2
 Wereblood                Tmut           0%         N/A       83%         2
 Dazzling Flash           Conj/Hex       0%         N/A       96%         3
 Mephitic Cloud           Conj/Pois/Air  0%         N/A       96%         3
 Agony                    Necr           0%         N/A       100%        5
 Freezing Cloud           Conj/Ice/Air   0%         6-21      100%        5
 Irradiate                Conj/Tmut      0%         3d11      100%        5
 Silence                  Hex/Air        0%         N/A       100%        5


Dungeon Overview and Level Annotations

Branches:
Dungeon (7/15)              Sewer (visited)
 Temple: D:4-7

Altars:
Cheibriados

Annotations:
D:2 1 runed translucent door, Crazy Yiuf
D:6 Edmund, Maggie


Innate Abilities, Weirdness & Mutations

You have a pair of horns on your head.
You reflexively headbutt those who attack you in melee.


Message History

Maggie hits you but does no damage.
You shoot an arrow. The arrow closely misses Maggie.
Maggie hits you but does no damage.
You shoot an arrow. The arrow barely misses Maggie.
Maggie gestures at you while chanting. The bolt of fire hits you!!
You are too injured to fight recklessly!
You are too injured to fight recklessly!
You are too injured to fight recklessly!
You are too injured to fight recklessly!
You are too injured to fight recklessly!
You are too injured to fight recklessly!
You shoot an arrow. The arrow hits Maggie.
Maggie is severely wounded.
Maggie points at you and mumbles some strange words.
The bolt of fire hits you!
You shoot an arrow.
The arrow hits Maggie but does no damage.
Maggie is severely wounded.
Maggie hits you with a +0 scimitar.
* * * LOW HITPOINT WARNING * * *
You shoot an arrow. The arrow completely misses Maggie.
You feel less wooden.
Your +0 cloak unmelds from your body.
Your +2 hat unmelds from your body.
Your +0 pair of gloves unmelds from your body.
Your +0 pair of boots unmelds from your body.
The +2 ring mail of the Swan {Harm +Blink MP+9} unmelds from your body.
Maggie casts a spell at you. The bolt of fire hits you!
* * * LOW HITPOINT WARNING * * *
You shoot an arrow.
The arrow hits Maggie but does no damage.
Maggie is severely wounded.
Maggie gestures wildly while chanting.
Maggie draws you further into her thrall.
You shoot an arrow.
The arrow hits Maggie but does no damage.
Maggie is severely wounded.
Maggie hits you with a +0 scimitar!
You die...

.......................
......######.##.#######
####### #.##.### #
#.##...## # #.##.#..###
# #.###.....# # #.#
#.....# # #.###.....###
# #....@.......
#....@.......
........._.....
..#............ .
#............
#.###.....### #.
#.....# # #.....#


You could see Maggie (mesmerising).

Vanquished Creatures
  A black bear (D:4)
  3 kobold brigands (Sewer)
  A bullfrog (D:7)
  2 howler monkeys (D:7)
  A jelly (D:6)
  An orc priest (D:4)
  An orc wizard (D:4)
  A mummy (D:6)
  6 adders
  A river rat (D:3)
  3 worms
  3 dart slugs
  6 orcs
  8 ball pythons
  6 endoplasms
  5 giant cockroaches
  10 goblins
  A hobgoblin (D:2)
  6 jackals
  13 kobolds
  3 quokkas
  4 bats (Sewer)
  A frilled lizard (D:3)
  7 rats
94 creatures vanquished.

Notes
Turn   | Place    | Note
-------+----------+-------------------------------------------
     0 | D:1      | Lobster4 the Minotaur Hunter began the quest for the Orb.
     0 | D:1      | Reached XP level 1. HP: 18/18 MP: 0/0
   136 | D:1      | Reached XP level 2. HP: 25/25 MP: 1/1
   571 | D:1      | Reached skill level 5 in Ranged Weapons
  1050 | D:2      | Reached XP level 3. HP: 26/31 MP: 2/2
  1172 | D:2      | Identified the +2 ring mail of the Swan {Harm +Blink MP+9}
  1481 | D:2      | Found a runed translucent door.
  1482 | D:2      | Noticed Crazy Yiuf
  2081 | D:3      | Reached XP level 4. HP: 38/38 MP: 3/3
  2159 | D:3      | Found a glowing drain.
  2163 | Sewer    | Entered a sewer
  2329 | Sewer    | Noticed a kobold brigand
  2339 | Sewer    | Killed a kobold brigand
  2340 | Sewer    | Reached skill level 6 in Ranged Weapons
  2340 | Sewer    | Reached skill level 1 in Evocations
  2340 | Sewer    | Reached XP level 5. HP: 44/46 MP: 4/4
  2474 | Sewer    | Reached XP level 6. HP: 34/53 MP: 5/5
  3214 | D:4      | Reached skill level 7 in Ranged Weapons
  3225 | D:4      | Reached skill level 5 in Fighting
  3627 | D:4      | You fall into a shaft and drop 3 floors!
  3632 | D:7      | Noticed a steam dragon
  3669 | D:7      | Reached XP level 7. HP: 32/61 MP: 6/6
  3877 | D:6      | Noticed Edmund
  3923 | D:6      | Found a snail-covered altar of Cheibriados.
  3936 | D:6      | Noticed Maggie
  3968 | D:6      | Slain by Maggie

Illustrated notes

Levels and vault maps discovered:
D:1:      dpeg_arrival_three_same_balls, layout_basic, minmay_pentomino_r2
D:2:      layout_basic, uniq_crazy_yiuf_cottage
D:3:      layout_basic, gup_sewer_entry_bowl
D:4:      layout_basic
D:6:      layout_basic, slow_altar_1, uniq_duvessa, uniq_maggie, uniq_edmund
D:7:      layout_layer_cave, ebering_ghost_rock_garden, uniq_jeremiah

Skill      XL: |  1  2  3  4  5  6  7 |
---------------+----------------------+-----
Fighting       | 3 4 5 |  5.6
Ranged Weapons | 5 6 7 |  7.9
Evocations     | 1 2 3 |  3.0
Dodging        | |  2.1
Stealth        | |  0.7

Action                     |  1- 3 |  4- 6 |  7- 9 || total
---------------------------+-------+-------+-------++-------
   Fire: Shortbow          |    90 |   200 |    51 ||   341
    Use: Scroll            |     4 |     6 |     1 ||    11
         Potion            |       |     3 |     1 ||     4
 Armour: Leather armour    |     9 |       |       ||     9
         Ring mail         |     4 |   141 |     7 ||   152
         Skin              |       |       |    22 ||    22
  Dodge: Dodged            |    14 |    72 |     2 ||    88

Table legend: (Time is in decaauts)
 A = Elapsed time spent in this place.
 B = Non-inter-level travel time spent in this place.
 C = Inter-level travel time spent in this place.
 D = Time resting spent in this place.
 E = Time spent auto-exploring this place.
 F = Levels seen in this place.
 G = Mean time per level.
                   A        B        C        D        E       F      G
               +--------+--------+--------+--------+--------+-----+--------+
         Total |   4052 |   3880 |    172 |    137 |   2857 |   7 |  578.9 |
       Dungeon |   3548 |   3376 |    172 |    133 |   2549 |   6 |  591.3 |
         Sewer |    504 |    504 |      0 |      4 |    308 |   1 |  504.0 |
               +--------+--------+--------+--------+--------+-----+--------+

Top non-repeatable levels by time:
     D:2: 975 daAuts
     D:1: 924 daAuts
     D:3: 774 daAuts
     D:4: 529 daAuts
   Sewer: 504 daAuts
     D:6: 272 daAuts
     D:7: 72 daAuts
